 Dungeon Crawl Stone Soup version 0.18.1-5-g4a78601 (webtiles) character file.

110 shmeve the Skirmisher (level 4, -5/30 HPs)
             Began as a Gargoyle Berserker on May 14, 2016.
             Was a Believer of Trog.
             Slain by a large abomination (35 damage)
             ... on level 2 of the Abyss.
             The game lasted 00:04:40 (1727 turns).

shmeve the Skirmisher (Gargoyle Berserker)          Turns: 1727, Time: 00:04:41

Health: -5/30      AC:  7    Str: 22    XL:     4   Next: 91%
Magic:  4/4        EV: 12    Int:  7    God:    Trog [**....]
Gold:   159        SH:  0    Dex:  9    Spells: 0 memorised, 3 levels left

rFire  . . .     SeeInvis .     a - +0 hand axe
rCold  . . .     Gourm    .     b - +0 animal skin
rNeg   + . .     Faith    .     (no shield)
rPois  ∞         Spirit   .     (no helmet)
rElec  +         Dismiss  .     (no cloak)
rCorr  .         Reflect  .     j - +1 pair of gloves
SustAt .         Harm     .     (no boots)
MR     .....                    (no amulet)
Stlth  +.........               (no ring)
                                (no ring)

@: not resistant to hostile enchantments, very unstealthy
A: negative energy resistance 1, electricity resistance, unbreathing,
petrification resistance, rot immunity, AC +3
a: Berserk, Trog's Hand, Burn Spellbooks, Renounce Religion


You were on level 2 of the Abyss.
You worshipped Trog.
Trog was pleased with you.
You were not hungry.

You visited 1 branch of the dungeon, and saw 3 of its levels.
You visited the Abyss 1 time.

You collected 159 gold pieces.

Inventory:

Hand Weapons
 a - a +0 hand axe (weapon)
Armour
 b - a +0 animal skin (worn)
 j - a +1 pair of gloves (worn)
Jewellery
 g - a +2 ring of evasion {unknown}
Scrolls
 d - a scroll of enchant weapon {unknown}
 e - 3 scrolls of remove curse {unknown}
 f - a scroll of blinking {unknown}
 h - a scroll of enchant armour {unknown}
 k - 2 scrolls of fear {unknown}
 l - a scroll of noise {unknown}
 n - 4 scrolls of identify {unknown}
Potions
 i - a potion of ambrosia {unknown}
 m - a potion of flight {unknown}
 o - 3 potions of cancellation {unknown}
 q - a potion of magic {unknown}
 r - a potion of agility {unknown}
Books
 s - a book of Spatial Translocations

   Spells                             Type                      Level
   a - Apportation                    Translocation                1
   b - Blink                          Translocation                2
   c - Shroud of Golubria             Charms/Translocation         2
   d - Portal Projectile              Translocation                3
   e - Teleport Other                 Translocation                3
   f - Passage of Golubria            Translocation                4
   Trog disapproves of the use of such an item.
Comestibles
 c - 2 bread rations
 p - a meat ration


   Skills:
 * Level 4.4 Fighting
 * Level 3.5 Axes
 + Level 2.8 Armour
 + Level 2.1 Dodging


You had 3 spell levels left.
You didn't know any spells.

Dungeon Overview and Level Annotations

Branches:
Dungeon (3/15)

Altars:


Innate Abilities, Weirdness & Mutations

You are resistant to torment.
Your stone body is resilient (AC +3).
You are immune to poison.
You resist negative energy.
You are resistant to electric shocks.
You can survive without breathing.
You are immune to petrification.
You are immune to rotting.


Message History

Your skin stops crawling.
You feel less resistant to hostile enchantments.
Found a gateway leading deeper into the Abyss.
An efreet comes into view. It is wielding a scimitar of flaming.
A wretched star comes into view.
There is a gateway leading deeper into the Abyss here.
You plunge deeper into the Abyss.
Found a shattered altar of Ashenzari.
n - 4 scrolls labeled WACAFY QYCO (gained 1)
Found a glowing short sword.
You now have 159 gold pieces (gained 35).
You see here a glowing short sword.
s - a book of Spatial Translocations You see here a glowing short sword.
A large abomination comes into view.
A large abomination is nearby!
The soul eater barely misses you. The large abomination hits you!!
Ouch! That really hurt!
You die...

##.. ##....#+#
.#.#.#.#.# .
......#.######
..##........ ..
.
z......#..####.#
......#.....#.##
##.#.X....##..
##
#..#.@#.##.....#
#### ..#...#.
#......... .
.#.###3#.##....
#######
..#...#.## ...##
# ##..#.# #####
####.# # # #..
#.#


You could see a soul eater, a large abomination and a flying skull (wandering).

Vanquished Creatures
  An orc wizard (D:3)
  2 adders (D:3)
  A dart slug (D:2)
  3 giant geckos
  5 orcs (D:3)
  8 bats
  3 giant cockroaches (D:1)
  7 goblins
  7 hobgoblins
  2 jackals (D:1)
  A quokka (D:3)
  A giant newt (D:1)
  8 kobolds
  3 rats (D:1)
52 creatures vanquished.

Notes
Turn   | Place    | Note
--------------------------------------------------------------
     0 | D:1      | shmeve the Gargoyle Berserker began the quest for the Orb.
     0 | D:1      | Reached XP level 1. HP: 14/14 MP: 1/1
   212 | D:1      | Reached XP level 2. HP: 19/19 MP: 2/2
   486 | D:1      | Reached ** piety under Trog
   529 | D:1      | Reached XP level 3. HP: 18/24 MP: 3/3
  1206 | D:2      | Reached skill level 4 in Fighting
  1442 | D:3      | Reached XP level 4. HP: 25/29 MP: 4/4
  1628 | D:3      | Cast into level 1 of the Abyss (orc)
  1653 | Abyss:1  | Noticed an efreet
  1654 | Abyss:1  | Noticed a wretched star
  1661 | Abyss:2  | Found a shattered altar of Ashenzari.
  1721 | Abyss:2  | Noticed a large abomination
  1723 | Abyss:2  | Noticed a soul eater
  1727 | Abyss:2  | Slain by a large abomination

Skill      XL: |  1  2  3  4 |
---------------+-------------+-----
Axes           | 3 |  3.5
Fighting       | 4 |  4.4
Dodging        | 2 |  2.1
Armour         | |  2.8

Action                   |  1- 3 |  4- 6 || total
-------------------------+-------+-------++-------
Melee: Hand axe          |   137 |    41 ||   178
Invok: Berserk           |       |     1 ||     1
       Trog's Hand       |       |     1 ||     1
  Eat: Chunk             |     1 |     3 ||     4
Armor: Animal skin       |    73 |    26 ||    99
Dodge: Dodged            |   119 |    30 ||   149
